[ AOE2 MATCH · #506671398 ]
UnrankedEthiopians vs Italians
Player's team · WIN
Rival team · LOSS
[ REPLAY ANALYSIS · EXTRACTED FROM THE RECORDED GAME ]
Feudal
9:33
Castle
21:55
Imperial
—
| APM avg | 70.4 |
| APM peak | 117 |
| eAPM avg | 21.5 |
| Villagers / military | 49 / 27 |
Focus
⚔️ 19.5% · 🌾 80.5%
Archer ×20 · Mangonel ×3 · Skirmisher ×3 · Monk ×1
Feudal
9:15
Castle
20:46
Imperial
—
| APM avg | 61.7 |
| APM peak | 121 |
| eAPM avg | 19.7 |
| Villagers / military | 66 / 47 |
Focus
⚔️ 49.3% · 🌾 50.7%
Archer ×33 · Knight ×8 · Militia ×4 · Mangonel ×2
Match map
Initial resources + every placement click. Lines = walls · curves = elevation contours. ◆ gold · ⬟ stone · ● berries · ✦ relic · ◌ wall gap
Your base· Open — opponent sealed themselves in
Marathon's base· ✓ Closed at 20:46 · 18t walls · no gate
Smoothed initial terrain · ◌ = detected wall gap · hover for details
Inputs per minute
— 游戏而已 - - Marathon
Build order — 游戏而已
First 150 of 155 actions detected
| 0:00 | Queue | Villager (Male) |
| 0:01 | Queue | Villager (Male) |
| 0:01 | Queue | Villager (Male) |
| 0:01 | Queue | Villager (Male) |
| 0:02 | Queue | Villager (Male) |
| 0:02 | Build | House |
| 0:04 | Build | House |
| 1:27 | Queue | Villager (Male) |
| 1:56 | Queue | Villager (Male) |
| 2:26 | Queue | Villager (Male) |
| 2:34 | Build | House |
| 2:59 | Build | Lumber Camp |
| 3:01 | Queue | Villager (Male) |
| 3:01 | Queue | Villager (Male) |
| 3:02 | Queue | Villager (Male) |
| 3:14 | Build | Palisade Wall |
| 3:31 | Build | Palisade Wall |
| 3:39 | Queue | Villager (Male) |
| 4:04 | Build | Palisade Wall |
| 4:10 | Queue | Villager (Male) |
| 4:33 | Queue | Villager (Male) |
| 4:57 | Queue | Villager (Male) |
| 5:24 | Queue | Villager (Male) |
| 5:39 | Queue | Villager (Male) |
| 5:40 | Research | Loom |
| 6:47 | Queue | Villager (Male) |
| 6:49 | Build | Mining Camp |
| 7:23 | Research | Feudal Age |
| 7:23 | Research | Feudal Age |
| 7:23 | Research | Feudal Age |
| 8:01 | Build | Palisade Wall |
| 8:16 | Build | Barracks |
| 8:29 | Build | House |
| 9:21 | Queue | Villager (Male) |
| 9:28 | Build | House |
| 9:32 | Build | Palisade Gate |
| 9:33 | Age | Feudal Age |
| 9:35 | Build | Palisade Wall |
| 9:41 | Build | House |
| 9:46 | Build | Archery Range |
| 9:48 | Queue | Villager (Male) |
| 9:53 | Build | House |
| 9:56 | Build | Palisade Wall |
| 10:20 | Build | Blacksmith |
| 10:21 | Build | Palisade Wall |
| 10:27 | Queue | Villager (Male) |
| 10:31 | Research | Double-Bit Axe |
| 10:45 | Queue | Archer |
| 10:54 | Build | Palisade Wall |
| 10:57 | Queue | Villager (Male) |
| 11:12 | Queue | Archer |
| 11:39 | Queue | Villager (Male) |
| 12:00 | Queue | Archer |
| 12:02 | Research | Fletching |
| 12:14 | Build | Mill |
| 12:17 | Queue | Villager (Male) |
| 12:25 | Build | House |
| 12:38 | Queue | Archer |
| 12:40 | Queue | Villager (Male) |
| 13:01 | Build | Market |
| 13:07 | Research | Horse Collar |
| 13:07 | Queue | Villager (Male) |
| 13:13 | Build | Farm |
| 13:19 | Queue | Villager (Male) |
| 13:30 | Build | Palisade Wall |
| 13:34 | Queue | Archer |
| 13:36 | Queue | Villager (Male) |
| 13:56 | Queue | Archer |
| 14:07 | Build | Farm |
| 14:07 | Build | Farm |
| 14:20 | Build | Farm |
| 14:26 | Queue | Archer |
| 14:33 | Queue | Villager (Male) |
| 14:36 | Build | Farm |
| 14:37 | Build | Farm |
| 14:43 | Queue | Archer |
| 14:46 | Queue | Villager (Male) |
| 14:56 | Build | Farm |
| 15:08 | Build | House |
| 15:10 | Build | House |
| 15:17 | Build | House |
| 15:20 | Queue | Villager (Male) |
| 15:25 | Build | House |
| 15:33 | Build | Farm |
| 15:34 | Build | Farm |
| 15:40 | Research | Padded Archer Armor |
| 15:51 | Build | Farm |
| 15:56 | Queue | Archer |
| 15:58 | Queue | Villager (Male) |
| 16:10 | Queue | Skirmisher |
| 16:25 | Queue | Villager (Male) |
| 16:28 | Build | Farm |
| 16:50 | Queue | Skirmisher |
| 16:55 | Queue | Villager (Male) |
| 16:57 | Build | Farm |
| 17:13 | Queue | Archer |
| 17:13 | Queue | Skirmisher |
| 17:21 | Queue | Villager (Male) |
| 17:36 | Build | Farm |
| 17:48 | Queue | Villager (Male) |
| 17:54 | Build | House |
| 17:55 | Build | House |
| 18:01 | Research | Town Watch |
| 18:36 | Queue | Archer |
| 19:15 | Research | Castle Age |
| 19:15 | Research | Castle Age |
| 19:27 | Research | Gold Mining |
| 19:27 | Research | Gold Mining |
| 19:42 | Queue | Archer |
| 19:47 | Build | House |
| 20:02 | Build | House |
| 20:10 | Queue | Archer |
| 20:33 | Queue | Archer |
| 20:45 | Build | House |
| 21:09 | Build | Watch Tower |
| 21:16 | Queue | Archer |
| 21:22 | Queue | Villager (Male) |
| 21:50 | Build | Market |
| 21:51 | Build | House |
| 21:52 | Build | House |
| 21:55 | Age | Castle Age |
| 22:00 | Research | Bodkin Arrow |
| 22:02 | Research | Crossbowman (upgrade) |
| 22:03 | Research | Crossbowman (upgrade) |
| 22:16 | Queue | Villager (Male) |
| 22:35 | Research | Bow Saw |
| 22:39 | Queue | Villager (Male) |
| 22:57 | Queue | Villager (Male) |
| 23:08 | Build | Monastery |
| 23:27 | Queue | Archer |
| 23:30 | Queue | Villager (Male) |
| 23:35 | Build | University |
| 23:56 | Queue | Monk |
| 23:59 | Queue | Archer |
| 24:09 | Queue | Villager (Male) |
| 24:33 | Research | Ballistics |
| 24:33 | Research | Ballistics |
| 24:34 | Queue | Villager (Male) |
| 24:38 | Build | House |
| 25:00 | Build | Siege Workshop |
| 25:09 | Queue | Archer |
| 25:18 | Queue | Villager (Male) |
| 25:28 | Build | Lumber Camp |
| 25:36 | Research | Leather Archer Armor |
| 25:36 | Research | Leather Archer Armor |
| 25:53 | Queue | Mangonel |
| 25:53 | Queue | Mangonel |
| 25:57 | Queue | Villager (Male) |
| 26:13 | Queue | Archer |
| 26:14 | Queue | Villager (Male) |
Build order — Marathon
First 150 of 188 actions detected
| 0:00 | Queue | Villager (Male) |
| 0:00 | Queue | Villager (Male) |
| 0:02 | Build | House |
| 0:02 | Build | House |
| 0:04 | Queue | Villager (Male) |
| 0:07 | Queue | Villager (Male) |
| 1:23 | Queue | Villager (Male) |
| 1:23 | Queue | Villager (Male) |
| 1:42 | Queue | Villager (Male) |
| 1:51 | Build | Lumber Camp |
| 2:22 | Research | Loom |
| 2:25 | Queue | Villager (Male) |
| 2:41 | Queue | Villager (Male) |
| 2:59 | Queue | Villager (Male) |
| 3:20 | Queue | Villager (Male) |
| 3:41 | Queue | Villager (Male) |
| 3:41 | Queue | Villager (Male) |
| 4:15 | Build | House |
| 4:16 | Build | House |
| 4:18 | Queue | Villager (Male) |
| 4:22 | Queue | Villager (Male) |
| 4:33 | Queue | Villager (Male) |
| 5:14 | Queue | Villager (Male) |
| 5:14 | Queue | Villager (Male) |
| 5:27 | Build | Barracks |
| 6:08 | Build | House |
| 6:46 | Research | Feudal Age |
| 6:47 | Queue | Villager (Male) |
| 7:01 | Queue | Militia |
| 7:01 | Queue | Militia |
| 7:16 | Build | Mining Camp |
| 7:19 | Queue | Militia |
| 7:55 | Queue | Militia |
| 8:11 | Queue | Villager (Male) |
| 8:30 | Queue | Villager (Male) |
| 8:37 | Build | Mill |
| 9:15 | Age | Feudal Age |
| 9:24 | Build | Archery Range |
| 9:26 | Research | Man-at-Arms (upgrade) |
| 9:40 | Queue | Villager (Male) |
| 10:09 | Research | Double-Bit Axe |
| 10:12 | Build | House |
| 10:18 | Queue | Archer |
| 10:19 | Queue | Archer |
| 10:24 | Build | House |
| 10:26 | Build | Palisade Wall |
| 10:30 | Queue | Villager (Male) |
| 10:30 | Queue | Villager (Male) |
| 10:54 | Queue | Villager (Male) |
| 10:54 | Queue | Villager (Male) |
| 11:08 | Queue | Archer |
| 11:14 | Build | Blacksmith |
| 11:18 | Queue | Villager (Male) |
| 11:24 | Build | House |
| 11:40 | Queue | Archer |
| 11:41 | Queue | Villager (Male) |
| 11:57 | Build | House |
| 12:00 | Queue | Villager (Male) |
| 12:03 | Build | Farm |
| 12:06 | Queue | Archer |
| 12:18 | Research | Fletching |
| 12:18 | Research | Fletching |
| 12:25 | Build | Farm |
| 12:28 | Build | House |
| 12:31 | Build | Palisade Wall |
| 12:34 | Queue | Villager (Male) |
| 12:43 | Build | House |
| 12:44 | Build | Palisade Wall |
| 12:48 | Queue | Archer |
| 13:04 | Build | Farm |
| 13:04 | Queue | Villager (Male) |
| 13:04 | Queue | Villager (Male) |
| 13:15 | Queue | Archer |
| 13:16 | Queue | Villager (Male) |
| 13:19 | Build | Farm |
| 13:37 | Build | Farm |
| 13:39 | Build | Farm |
| 13:53 | Queue | Archer |
| 13:53 | Queue | Villager (Male) |
| 14:03 | Queue | Villager (Male) |
| 14:06 | Build | Farm |
| 14:13 | Queue | Archer |
| 14:24 | Research | Padded Archer Armor |
| 14:35 | Queue | Villager (Male) |
| 14:38 | Build | Farm |
| 14:39 | Queue | Archer |
| 14:43 | Build | Farm |
| 14:55 | Queue | Villager (Male) |
| 14:57 | Build | Farm |
| 14:57 | Queue | Villager (Male) |
| 15:10 | Queue | Archer |
| 15:15 | Build | Farm |
| 15:35 | Queue | Archer |
| 15:44 | Build | House |
| 15:45 | Build | House |
| 15:52 | Queue | Villager (Male) |
| 16:10 | Queue | Villager (Male) |
| 16:27 | Build | Farm |
| 16:32 | Queue | Archer |
| 16:51 | Queue | Villager (Male) |
| 16:55 | Build | House |
| 17:03 | Build | Farm |
| 17:05 | Build | Farm |
| 17:05 | Build | Farm |
| 17:05 | Build | Farm |
| 17:13 | Queue | Villager (Male) |
| 17:24 | Queue | Archer |
| 17:29 | Build | Farm |
| 17:29 | Queue | Villager (Male) |
| 17:45 | Build | House |
| 17:56 | Build | Lumber Camp |
| 18:06 | Research | Castle Age |
| 18:32 | Research | Horse Collar |
| 18:33 | Research | Horse Collar |
| 18:35 | Queue | Villager (Male) |
| 19:08 | Build | Farm |
| 19:08 | Build | Farm |
| 19:09 | Build | Farm |
| 19:30 | Queue | Archer |
| 19:51 | Build | Stable |
| 20:06 | Queue | Archer |
| 20:13 | Queue | Archer |
| 20:46 | Age | Castle Age |
| 20:48 | Research | Crossbowman (upgrade) |
| 20:48 | Research | Bodkin Arrow |
| 20:52 | Build | Siege Workshop |
| 20:54 | Queue | Villager (Male) |
| 21:03 | Research | Bow Saw |
| 21:05 | Queue | Villager (Male) |
| 21:06 | Queue | Villager (Male) |
| 21:06 | Queue | Villager (Male) |
| 21:11 | Queue | Villager (Male) |
| 21:13 | Research | Leather Archer Armor |
| 21:22 | Queue | Archer |
| 21:23 | Queue | Villager (Male) |
| 21:42 | Queue | Mangonel |
| 21:43 | Queue | Mangonel |
| 21:51 | Queue | Knight |
| 21:51 | Queue | Knight |
| 21:52 | Queue | Villager (Male) |
| 22:03 | Research | Town Watch |
| 22:26 | Queue | Archer |
| 22:26 | Queue | Archer |
| 22:43 | Build | Farm |
| 22:49 | Queue | Archer |
| 22:49 | Queue | Archer |
| 22:50 | Queue | Villager (Male) |
| 22:50 | Queue | Villager (Male) |
| 22:53 | Research | Thumb Ring |
| 23:02 | Queue | Villager (Male) |
Match timeline
| 3:14 | 游戏而已 · wall_segment Palisade Wall x5 |
| 3:31 | 游戏而已 · wall_segment Palisade Wall x4 |
| 4:04 | 游戏而已 · wall_segment Palisade Wall x1 |
| 5:27 | Marathon · first_building Barracks |
| 8:01 | 游戏而已 · wall_segment Palisade Wall x19 |
| 8:16 | 游戏而已 · first_building Barracks |
| 9:15 | Marathon · age_up feudal |
| 9:24 | Marathon · first_building Archery Range |
| 9:33 | 游戏而已 · age_up feudal |
| 9:35 | 游戏而已 · wall_segment Palisade Wall x1 |
| 9:46 | 游戏而已 · first_building Archery Range |
| 9:56 | 游戏而已 · wall_segment Palisade Wall x1 |
| 10:21 | 游戏而已 · wall_segment Palisade Wall x2 |
| 10:26 | Marathon · wall_segment Palisade Wall x5 |
| 10:54 | 游戏而已 · wall_segment Palisade Wall x4 |
| 12:31 | Marathon · wall_segment Palisade Wall x12 |
| 12:44 | Marathon · wall_segment Palisade Wall x1 |
| 13:30 | 游戏而已 · wall_segment Palisade Wall x1 |
| 13:55 | 游戏而已 · first_market_sell 100 stone |
| 14:26 | 游戏而已 · first_market_buy 100 food |
| 19:51 | Marathon · first_building Stable |
| 20:46 | Marathon · age_up castle |
| 20:52 | Marathon · first_building Siege Workshop |
| 21:55 | 游戏而已 · age_up castle |
| 23:08 | 游戏而已 · first_building Monastery |
| 25:00 | 游戏而已 · first_building Siege Workshop |
| 27:07 | Marathon · resign |
[ AI ANALYSIS · 1 CREDIT ]
What really happened in this match?
Wolo.gg analyzes every decision: build order, eco, micro, common mistakes by bracket. Personalized analysis on WhatsApp or Discord in 30 seconds.
Civ guide
Ethiopians
Perfil
Jugador #10924270